AoeStats
← CapitanGarfio

Arena

509282871Analyzed
1v1 RM · 5d ago on Sep 26, 2026· 41m 42s· 2 players
Game mode
Random Map
Map size
Tiny (2 player)
Population
200
Speed
Normal
Resources
Standard
Victory
Conquest
Starting age
Dark Age
Ending age
Imperial Age
RankedLock teamsTeams togetherTeam positionsShared explorationLock speedFull tech treeHidden civsTurbo modeCheats
Victory
Defeat
🇺🇸 Cumans · United States
519
+12
🇲🇽 Italians · Mexico
437
-12
CapitanGarfio
0:38 Loom
18:24 Feudal Age
21:03 Wheelbarrow
20:13 Town Watch
23:13 Bloodlines
26:43 Gold Mining
26:44 Stone Mining
26:42 Horse Collar
26:51 Double-Bit Axe
29:12 Castle Age
33:30 Scale Mail Armor
33:36 Scale Barding Armor
33:32 Padded Archer Armor
33:45 Forging
33:25 Fletching
34:16 Light Cavalry
34:22 Pikeman
35:02 Squires
36:13 Chain Barding Armor
36:09 Leather Archer Armor
36:10 Chain Mail Armor
37:25 Iron Casting
37:11 Bodkin Arrow
37:13 Elite Skirmisher
HersheysMom
5:15 Loom
11:50 Feudal Age
15:17 Double-Bit Axe
19:20 Castle Age
18:45 Gold Mining
21:49 Forging
23:40 Wheelbarrow
23:33 Bloodlines
22:49 Capped Ram
23:54 Scale Barding Armor
26:03 Iron Casting
25:49 Chain Barding Armor
27:04 Man-at-Arms
28:10 Long Swordsman
29:58 Scale Mail Armor
31:08 Squires
32:10 Fletching
32:36 Chain Mail Armor
34:52 Ballistics
34:28 Murder Holes
35:06 Horse Collar
40:47 Imperial Age
40:59 Cavalier
Connection lost

Rejoining the realm…

Still unreachable

The connection could not be restored.

Session expired

The server has moved on; the page needs a fresh start.